 Dungeon Crawl Stone Soup version 0.30-a0-341-g682706514a (webtiles) character file.

Game seed: 14103716337522336095

371 IdlyInterested the Trooper (level 6, -2/51 (52) HPs)
             Began as a Demonspawn Wanderer on Nov 4, 2022.
             Slain by an ogre
             ... wielding a +0 giant spiked club
              (10 damage)
             ... on level 4 of the Dungeon.
             The game lasted 00:10:23 (4190 turns).

IdlyInterested the Trooper (Demonspawn Wanderer)    Turns: 4190, Time: 00:10:23

HP:   -2/51 (52)    AC: 16    Str: 11    XL:     6   Next: 42%
MP:   9/9           EV: 11    Int: 13    God:
Gold: 102           SH:  4    Dex: 16    Spells: 9/9 levels left

rFire   . . .      SeeInvis +    u - +0 scimitar
rCold   . . .      Faith    .    (no shield)
rNeg    . . .      Spirit   .    q - +0 ring mail
rPois   .          Reflect  .    t - +2 helmet {SInv}
rElec   .          Harm     .    y - +0 cloak
rCorr   .          Rampage  .    (no gloves)
Will    .....                    w - +2 pair of boots
Stlth   +.........               (no amulet)
HPRegen 0.28/turn                (no ring)
MPRegen 0.11/turn                (no ring)

@: lightly drained
A: icemail 1, condensation shield, demonic touch 1
a: no special abilities


You were on level 4 of the Dungeon.
You visited 1 branch of the dungeon, and saw 4 of its levels.

You collected 102 gold pieces.

Inventory:

Hand Weapons
 a - a +4 falchion
 s - a +2 dagger of venom
 u - a +0 scimitar (weapon)
Missiles
 g - 2 poisoned darts
 j - a throwing net
 n - 6 atropa-tipped darts
Armour
 c - a +0 robe
 d - a +0 leather armour
 o - a +2 hat
 p - a +0 chain mail
 q - a +0 ring mail (worn)
 t - a +2 helmet of see invisible (worn)
 w - a +2 pair of boots (worn)
 y - a +0 cloak (worn)
Jewellery
 m - an amulet of guardian spirit
Scrolls
 b - 3 scrolls of fog
 f - 2 scrolls of enchant weapon
 k - a scroll of identify {unknown}
 l - a scroll of fear {unknown}
 v - a scroll of enchant armour {unknown}
Potions
 e - a potion of might {unknown}
 h - 2 potions of degeneration {unknown}
 i - a potion of brilliance {unknown}
 r - a potion of lignification {unknown}
 x - 2 potions of berserk rage {unknown}


   Skills:
 + Level 5.7 Fighting
 - Level 3.1 Long Blades
 - Level 1.0 Throwing
 * Level 3.2 Dodging
 * Level 2.4 Unarmed Combat
 - Level 2.0 Spellcasting


You had 9 spell levels left.
You didn't know any spells.
Your spell library contained the following spells:

 Spells                   Type           Power      Damage    Failure   Level
 Beastly Appendage        Tmut           2%         N/A       52%         1
 Foxfire                  Conj/Fire      4%         2x1d4     52%         1
 Kiss of Death            Conj/Necr      4%         2d5       52%         1
 Slow                     Hex            4%         N/A       52%         1
 Confusing Touch          Hex            1%         N/A       88%         3
 Kindle Blastsparks       Fire/Tloc/Air  2%         2d10      88%         3
 Vampiric Draining        Necr           1%         2d6       88%         3
 Dispel Undead            Necr           1%         3d6       99%         4


Dungeon Overview and Level Annotations

Branches:
Dungeon (4/15)
 Temple: D:4-7

Altars:
Sif Muna
Trog


Innate Abilities, Weirdness & Mutations

A meltable icy envelope protects you from harm. (AC +4)
A meltable shield of frost defends you. (SH +4)
Your touch may inflict minor irresistible damage on your foes.


Message History

You hit the scorpion but do no damage. Your touch misses the scorpion.
You block the scorpion's attack.
The endoplasm hits you but does no damage.
The orc throws a boomerang.
The boomerang completely misses you. You block the scorpion's attack.
You barely miss the scorpion.
You touch the scorpion.
The scorpion is heavily wounded.
The endoplasm barely misses you. The scorpion barely misses you.
The endoplasm freezes you.
You are frozen.
You hit the scorpion but do no damage.
The scorpion is heavily wounded.
The scorpion barely misses you.
The endoplasm hits you but does no damage.
You block the scorpion's attack.
You slash the scorpion!
You kill the scorpion!
The endoplasm misses you.
You hit the orc but do no damage. You block the endoplasm's attack.
The orc hits you but does no damage.
You feel drained.
You closely miss the orc.
You touch the orc.
You kill the orc!
The endoplasm freezes you.
You are frozen.
The ogre misses you.
You slash the endoplasm!
You kill the endoplasm!
The ogre hits you with a +0 giant spiked club!
You hit the ogre but do no damage. Your touch misses the ogre.
You block the ogre's attack.
You hit the ogre but do no damage.
The ogre hits you with a +0 giant spiked club!!
Ouch! That really hurt!
* * * LOW HITPOINT WARNING * * *
You hit the ogre.
The ogre is lightly wounded.
Okay, then.
You slash the ogre! Your touch misses the ogre.
The ogre is heavily wounded.
The ogre hits you with a +0 giant spiked club!
You die...

#####.. ..
#+#.....###.>
###............
....#..........
...............
...$..........#
.?....O........
......)@†......
........##+##..
........#
##..##..# ##
...# ....#
..... #####.


You could see an ogre.

Vanquished Creatures
  Grinder (D:3)
  A scorpion (D:4)
  Terence (D:3)
  Robin (D:2)
  A white imp (D:3)
  2 worms
  2 orcs
  4 endoplasms
  2 giant cockroaches (D:2)
  8 goblins
  12 hobgoblins
  3 jackals (D:1)
  5 ball pythons
  4 bats
  3 frilled lizards
  9 kobolds
  5 rats (D:1)
64 creatures vanquished.

Notes
Turn   | Place    | Note
-------+----------+-------------------------------------------
     0 | D:1      | IdlyInterested the Demonspawn Wanderer began the quest for
                  | the Orb.
     0 | D:1      | IdlyInterested set off with the following items: a +3
                  | falchion, a scroll of fog, a +0 robe; and the following
                  | spell memorised: Foxfire; and the following spells
                  | available to memorise: Kindle Blastsparks.
     0 | D:1      | Reached XP level 1. HP: 19/19 MP: 3/3
   352 | D:1      | Gained mutation: Your touch may inflict minor irresistible
                  | damage on your foes. [demonic ancestry]
   352 | D:1      | Reached XP level 2. HP: 20/25 MP: 5/5
  1674 | D:2      | Reached XP level 3. HP: 31/31 MP: 6/6
  2050 | D:2      | Reached skill level 1 in Dodging
  2156 | D:2      | Noticed Robin
  2186 | D:2      | Killed Robin
  2375 | D:2      | Gained mutation: A meltable shield of frost defends you.
                  | (SH +4) [demonic ancestry]
  2375 | D:2      | Reached XP level 4. HP: 34/38 MP: 7/7
  3284 | D:3      | Noticed Grinder
  3289 | D:3      | Paralysed by Grinder for 5 turns
  3305 | D:3      | Paralysed by Grinder for 3 turns
  3308 | D:3      | Killed Grinder
  3309 | D:3      | Reached skill level 5 in Fighting
  3309 | D:3      | Gained mutation: A meltable icy envelope protects you from
                  | harm. (AC +4) [demonic ancestry]
  3309 | D:3      | Reached XP level 5. HP: 44/44 MP: 8/8
  3309 | D:3      | Reached XP level 6. HP: 51/51 MP: 9/9
  3834 | D:3      | Found a shimmering blue altar of Sif Muna.
  3842 | D:3      | Noticed Terence
  3846 | D:3      | Got Sif Muna's Discourse on Transmigration
  3857 | D:3      | Found a bloodstained altar of Trog.
  3861 | D:3      | Killed Terence
  4190 | D:4      | Slain by an ogre

Illustrated notes

Levels and vault maps discovered:
D:1:      erik_arrival_cave_to_civilisation [erik_arrival_cave_to_hall],
          layout_loops_ring, serial_co_window_serial, co_window_paths_b,
          co_window_of_opportunity_a, co_window_paths_a,
          co_window_of_opportunity_a, co_window_of_opportunity_a,
          co_window_2corner, co_window_corner_b, co_window_of_opportunity_b,
          co_window_cross_4, co_window_of_opportunity_c, co_window_paths_c,
          co_window_paths_e, co_window_4corner_b, glass_columns_b
D:2:      cheibrodos_old_hovel, layout_loops_corners, uniq_robin
D:3:      wad_pebble_path, layout_basic, nzn_overflow_gifts_of_might_and_magic,
          kennysheep_generic_room_6, uniq_grinder
D:4:      nicolae_cairo_tiling_very_big, layout_cave_pools,
          grunt_temple_overflow_champion_of_chaos,
          mainiacjoe_overflow_surrounded_room, slow_altar_2,
          minmay_temple_entry_purple_smoke, serial_bayou_pond_e

Skill      XL: |  1  2  3  4  5  6 |
---------------+-------------------+-----
Long Blades    | 3 |  3.1
Dodging        | 1 2 3 |  3.2
Fighting       | 5 |  5.7
Unarmed Combat | 2 |  2.4
Throwing       | |  1.0
Spellcasting   | |  2.0

Action                   |  1- 3 |  4- 6 || total
-------------------------+-------+-------++-------
Melee: Falchion          |   108 |     1 ||   109
       Touch             |     6 |     9 ||    15
       Punch             |     1 |     1 ||     2
       Scimitar          |       |    44 ||    44
  Use: Scroll            |     5 |       ||     5
       Potion            |       |     2 ||     2
Armor: Leather armour    |    19 |       ||    19
       Ring mail         |    20 |    12 ||    32
Dodge: Dodged            |    68 |    29 ||    97
Block: Other             |       |     9 ||     9

Table legend: (Time is in decaauts)
 A = Elapsed time spent in this place.
 B = Non-inter-level travel time spent in this place.
 C = Inter-level travel time spent in this place.
 D = Time resting spent in this place.
 E = Time spent auto-exploring this place.
 F = Levels seen in this place.
 G = Mean time per level.
                   A        B        C        D        E       F      G
               +--------+--------+--------+--------+--------+-----+--------+
         Total |   4217 |   3409 |    808 |     90 |   2678 |   4 | 1054.2 |
       Dungeon |   4217 |   3409 |    808 |     90 |   2678 |   4 | 1054.2 |
               +--------+--------+--------+--------+--------+-----+--------+

Top non-repeatable levels by time:
     D:1: 1955 daAuts
     D:2: 1291 daAuts
     D:3: 952 daAuts
     D:4: 17 daAuts
